 Dungeon Crawl Stone Soup version 0.32-a0-290-g598725c5f2 (webtiles) character file.

Game seed: 9714651164381451316

189 holysushi the Cudgeller (level 5, 0/45 HPs)
             Began as a Mountain Dwarf Fighter on Feb 13, 2024.
             Slain by Jessica
             ... wielding a +0 club
              (1 damage)
             ... on level 3 of the Dungeon.
             The game lasted 00:04:35 (2369 turns).

holysushi the Cudgeller (Mountain Dwarf Fighter)    Turns: 2369, Time: 00:04:35

Health: 0/45       AC: 11    Str: 19    XL:     5   Next: 40%
Magic:  5/5        EV:  9    Int: 10    God:
Gold:   194        SH:  4    Dex:  9    Spells: 1/4 levels left

rFire   . . .        a - +0 flail
rCold   . . .        c - +0 buckler
rNeg    . . .        b - +0 scale mail
rPois   .            n - +1 helmet
rElec   .            j - +1 cloak
rCorr   .            (no gloves)
SInv    .            (no boots)
Will    .....        (no amulet) Stlth
                     (no ring)
HPRegen 0.27/turn    (no ring)
MPRegen 0.09/turn

%: no passive effects
@: invisible
A: runic magic, artefact enchanting
a: no special abilities


You were on level 3 of the Dungeon.
You visited 1 branch of the dungeon, and saw 3 of its levels.

You collected 194 gold pieces.

Inventory:

Hand Weapons
 a - a +0 flail (weapon)
Armour
 b - a +0 scale mail (worn)
 c - a +0 buckler (worn)
 j - a +1 cloak (worn)
 n - a +1 helmet (worn)
Scrolls
 f - 4 scrolls of identify {unknown}
 g - a scroll of acquirement {unknown}
 i - a scroll of revelation {unknown}
 k - 2 scrolls of enchant weapon {unknown}
 m - 2 scrolls of fog {unknown}
 p - a scroll of teleportation {unknown}
 q - a scroll of butterflies {unknown}
 s - a scroll of blinking {unknown}
Potions
 d - a potion of might
 h - a potion of haste {unknown}
 l - a potion of lignification {unknown}
 o - a potion of curing {unknown}
 r - a potion of mutation {unknown}


   Skills:
 - Level 3.2 Fighting
 + Level 6.9 Maces & Flails
 - Level 3.2 Armour
 - Level 3.2 Shields


You had one spell level left.
You knew the following spells:

 Your Spells              Type           Power      Damage    Failure   Level
a - Summon Ice Beast      Ice/Summ       0%         N/A       88%         3

Your spell library contained the following spells:

 Spells                   Type           Power      Damage    Failure   Level
 Summon Mana Viper        Hex/Summ       0%         N/A       100%        5
 Monstrous Menagerie      Summ           0%         N/A       100%        7


Dungeon Overview and Level Annotations

Branches:
Dungeon (3/15) Zot: 15587

Altars:

Shops:
D:1 ?

Annotations:
D:3 Jessica


Innate Abilities, Weirdness & Mutations

Your spellcasting is much less encumbered by armour.
You can use scrolls of enchantment on lesser artefacts.


Message History

The bombardier beetle is severely wounded.
The bombardier beetle sprays incendiary fluid at you.
The burning spray hits you.
You are covered in liquid fire!
You barely miss the bombardier beetle.
The bombardier beetle is severely wounded.
The liquid fire burns you!
You block the bombardier beetle's attack.
You block Jessica's attack.
You closely miss the bombardier beetle.
The bombardier beetle is severely wounded.
The liquid fire burns you! Jessica hits you with a +0 club.
Jessica points at you and mumbles some strange words.
Pain shoots through your body!
The bombardier beetle sprays incendiary fluid at you.
The burning spray hits you.
You are even more covered in liquid fire!
You hit the bombardier beetle but do no damage.
The bombardier beetle is severely wounded.
The liquid fire burns you!
Jessica gestures wildly while chanting.
Jessica blinks!
The bombardier beetle bites you but does no damage.
You hit the bombardier beetle but do no damage.
The bombardier beetle is severely wounded.
The liquid fire burns you! Jessica casts a spell at you.
Pain shoots through your body!
* * * LOW HITPOINT WARNING * * *
Jessica closely misses you.
You block the bombardier beetle's attack.
It was a potion of invisibility.
You become transparent, but the glow from your liquid flames prevents you from becoming completely invisible.
The liquid fire burns you!
* * * LOW HITPOINT WARNING * * *
The liquid fire finally exhausts itself.
You feel yourself speed up. Jessica hits you with a +0 club.
You die...

............>......###...#
###...ß..ß....)....# #...#
#................# #####
#..ß......ß.......#
#.................#
#..............####
#..ß......ß....#
#.$......@..###
#...ß..ß@...# #.....B....#
###....##### ######


You could see a bombardier beetle (unable to see you) and Jessica (fast, unable
to see you).

Vanquished Creatures
  A gnoll bouda (D:3)
  Terence (D:3)
  3 gnolls
  2 adders (D:2)
  A dart slug (D:1)
  2 ball pythons (D:2)
  A bat (D:2)
  7 endoplasms
  4 giant cockroaches (D:1)
  7 goblins
  3 hobgoblins (D:2)
  2 quokkas
  3 frilled lizards
  6 kobolds
  11 rats
54 creatures vanquished.

Notes
Turn   | Place    | Note
-------+----------+-------------------------------------------
     0 | D:1      | holysushi the Mountain Dwarf Fighter began the quest for
                  | the Orb.
     0 | D:1      | Reached XP level 1. HP: 19/19 MP: 1/1
    16 | D:1      | Reached skill level 3 in Maces & Flails
    74 | D:1      | Reached XP level 2. HP: 25/26 MP: 2/2
   105 | D:1      | Found Navocw's Magic Scroll Boutique.
   233 | D:1      | Reached skill level 4 in Maces & Flails
   322 | D:1      | Reached XP level 3. HP: 31/31 MP: 3/3
   863 | D:2      | Found a faded altar of an unknown god.
   937 | D:2      | Reached skill level 5 in Maces & Flails
   973 | D:2      | Reached XP level 4. HP: 38/38 MP: 4/4
  1056 | D:2      | Learned a level 3 spell: Summon Ice Beast
  1974 | D:2      | Reached skill level 6 in Maces & Flails
  2114 | D:3      | Reached XP level 5. HP: 45/45 MP: 5/5
  2130 | D:3      | Noticed Terence
  2141 | D:3      | Killed Terence
  2354 | D:3      | Noticed Jessica
  2369 | D:3      | HP: 1/45 [burnt (4)]
  2369 | D:3      | Slain by Jessica

Illustrated notes

Levels and vault maps discovered:
D:1:      dpeg_arrival_prison, layout_loops_ring, serial_shops,
          nicolae_shop_tiny_statue_garden
D:2:      layout_basic, basic_ecumenical_altar, hangedman_glass_teeth,
          minmay_ruptured
D:3:      layout_basic, cheibrodos_worm_habitat, minmay_misc_feat_plants,
          nicolae_grassy_gnolls, uniq_terence, uniq_jessica

Skill      XL: |  1  2  3  4 |
---------------+-------------+-----
Maces & Flails | 3 4 5 6 |  6.9
Fighting       | |  3.2
Armour         | |  3.2
Shields        | |  3.2

Action                     |  1- 3 |  4- 6 || total
---------------------------+-------+-------++-------
  Melee: Flail             |    89 |   100 ||   189
    Use: Potion            |       |     1 ||     1
 Armour: Scale mail        |    61 |    54 ||   115
  Dodge: Dodged            |    43 |    38 ||    81
  Block: Buckler           |    17 |    21 ||    38

Table legend: (Time is in decaauts)
 A = Elapsed time spent in this place.
 B = Non-inter-level travel time spent in this place.
 C = Inter-level travel time spent in this place.
 D = Time resting spent in this place.
 E = Time spent auto-exploring this place.
 F = Levels seen in this place.
 G = Mean time per level.
                   A        B        C        D        E       F      G
               +--------+--------+--------+--------+--------+-----+--------+
         Total |   2410 |   2281 |    129 |     63 |   1580 |   3 |  803.3 |
       Dungeon |   2410 |   2281 |    129 |     63 |   1580 |   3 |  803.3 |
               +--------+--------+--------+--------+--------+-----+--------+

Top non-repeatable levels by time:
     D:2: 932 daAuts
     D:1: 868 daAuts
     D:3: 609 daAuts
